 Dungeon Crawl Stone Soup version 0.30-a0-458-g86641cc (webtiles) character file.

Game seed: 16050052961654652134

51 Illumine the Covered (level 4, -4/40 HPs)
             Began as a Meteoran Fighter on Dec 14, 2022.
             Succumbed to a kobold's poison
             ... on level 2 of the Dungeon.
             The game lasted 00:01:09 (539 turns).

Illumine the Covered (Meteoran Fighter)              Turns: 539, Time: 00:01:09

Health: -4/40      AC: 11    Str: 19    XL:     4   Next: 25%
Magic:  5/5        EV:  7    Int: 10    God:
Gold:   92         SH:  5    Dex: 13    Spells: 3/3 levels left

rFire   . . .      SeeInvis .    a - +0 war axe
rCold   . . .      Faith    .    c - +0 buckler
rNeg    . . .      Spirit   .    i - +0 chain mail
rPois   .          Reflect  .    (no helmet)
rElec   .          Harm     .    (no cloak)
rCorr   .          Rampage  .    (no gloves)
Will    .....                    k - +1 pair of boots
Stlth   ..........               (no amulet)
HPRegen 0.26/turn                (no ring)
MPRegen 0.09/turn                (no ring)

@: lethally poisoned (-4 -> -27), glowing
A: sense surroundings 1, otherworldly, glowing, explore regen
a: no special abilities


You were on level 2 of the Dungeon.
You visited 1 branch of the dungeon, and saw 2 of its levels.

You collected 92 gold pieces.

Inventory:

Hand Weapons
 a - a +0 war axe (weapon)
Armour
 c - a +0 buckler (worn)
 i - a +0 chain mail (worn)
 k - a +1 pair of boots (worn)
Jewellery
 h - a ring of ice
Scrolls
 b - a scroll of enchant weapon {unknown}
 e - a scroll of identify {unknown}
 f - 2 scrolls of teleportation {unknown}
 g - a scroll of fog {unknown}
 l - a scroll of magic mapping {unknown}
 m - a scroll of immolation {unknown}
Potions
 d - a potion of might
 j - a potion of curing {unknown}


   Skills:
 + Level 3.7 Fighting
 * Level 3.7 Axes
 + Level 4.1 Armour
 - Level 4.0 Shields


You had 3 spell levels left.
You didn't know any spells.
Your spell library contained the following spells:

 Spells                   Type           Power      Damage    Failure   Level
 Animate Armour           Summ/Erth      0%         N/A       100%        4
 Blade Hands              Tmut           0%         N/A       100%        5
 Iron Shot                Conj/Erth      0%         9d1       100%        6


Dungeon Overview and Level Annotations

Branches:
Dungeon (2/15) Zot: 624

Altars:


Innate Abilities, Weirdness & Mutations

You passively map a small area around you.
You are easily found by Zot.
You glow in the dark.
You regain HP and MP as you explore.


Message History

The worm bites you!
You barely miss the worm.
The worm is heavily wounded.
The worm bites you but does no damage.
You hit the worm.
The worm is severely wounded.
You closely miss the kobold. The kobold hits you but does no damage.
You are poisoned.
The worm completely misses you.
You hit the worm.
The worm is almost dead.
You closely miss the kobold.
You feel very sick.
The kobold hits you with a +4 short sword of venom.
You are more poisoned.
You block the worm's attack. You block the kobold's attack.
Save game and exit?
Welcome back, Illumine the Meteoran Fighter.
Press ? for a list of commands and other information.
You hit the kobold.
The kobold is moderately wounded.
You hit the worm but do no damage.
You feel very sick. The kobold hits you but does no damage.
You are lethally poisoned!
You barely miss the kobold.
The kobold is moderately wounded.
You hit the worm.
You feel extremely sick.
The kobold hits you with a +4 short sword of venom.
* * * LOW HITPOINT WARNING * * *
You are more poisoned.
The worm bites you but does no damage.
You slash the kobold!
You kill the kobold!
You completely miss the worm.
* * * LOW HITPOINT WARNING * * *
You feel extremely sick. The worm bites you but does no damage.
You die...

#.... #...####..
#....#.
*#####......†
#.[.... ,
.....####.. #.....#
###..####.. *.....#
##.........
...######..#######.
##.#......## ##
#####!...######
#.....@### #......#
* ## #.....w#* , ,
#. #....... ,, , #.
#.......#* , #..
#)......# , #....
#.....!.# , ,, ...^
#.......# .##
#.......# , *


You could see a worm.

Vanquished Creatures
  A gnoll (D:1)
  An adder (D:2)
  3 bats (D:2)
  6 endoplasms
  4 goblins
  4 hobgoblins
  3 quokkas
  2 ball pythons (D:1)
  3 frilled lizards (D:1)
  A kobold (D:2)
  A rat (D:1)
29 creatures vanquished.

Notes
Turn   | Place    | Note
-------+----------+-------------------------------------------
     0 | D:1      | Illumine the Meteoran Fighter began the quest for the Orb.
     0 | D:1      | Reached XP level 1. HP: 19/19 MP: 2/2
    28 | D:1      | Reached XP level 2. HP: 16/26 MP: 3/3
    83 | D:1      | Reached XP level 3. HP: 18/31 MP: 4/4
   482 | D:2      | Reached XP level 4. HP: 40/40 MP: 5/5
   538 | D:2      | HP: 1/40 [poisoned by a kobold]
   539 | D:2      | Succumbed to a kobold's poison

Illustrated notes

Levels and vault maps discovered:
D:1:      heliophobic_arrival_enchanted_forest, layout_rooms,
          dreamdust_ecumenical_altar_drowned_temple
D:2:      layout_rooms

Skill      XL: |  1  2  3 |
---------------+----------+-----
Axes           | 3 |  3.7
Shields        | 4 |  4.0
Armour         | 4 |  4.1
Fighting       | |  3.7

Action                   |  1- 3 |  4- 6 || total
-------------------------+-------+-------++-------
Melee: War axe           |    76 |    15 ||    91
Armor: Scale mail        |    20 |       ||    20
       Chain mail        |    32 |     9 ||    41
Dodge: Dodged            |    32 |     5 ||    37
Block: Buckler           |    19 |     4 ||    23

Table legend: (Time is in decaauts)
 A = Elapsed time spent in this place.
 B = Non-inter-level travel time spent in this place.
 C = Inter-level travel time spent in this place.
 D = Time resting spent in this place.
 E = Time spent auto-exploring this place.
 F = Levels seen in this place.
 G = Mean time per level.
                   A        B        C        D        E       F      G
               +--------+--------+--------+--------+--------+-----+--------+
         Total |    575 |    575 |      0 |     76 |    192 |   2 |  287.5 |
       Dungeon |    575 |    575 |      0 |     76 |    192 |   2 |  287.5 |
               +--------+--------+--------+--------+--------+-----+--------+

Top non-repeatable levels by time:
     D:1: 380 daAuts
     D:2: 195 daAuts
